cohdb
Replays
Latest Replays
All Replays
Popular Replays
Top Player Replays
Match Explorer
How It Works
Community
CoH3 Stats
Reddit
Sign in to upload your games and track your stats! →
Sign in with Steam
Match 42185282
Unlisted
Match 42185282
Overview
Messages
Build Orders
End
Construct Infanterie Kompanie
MG 42 Machine Gun Team
Grenadier Squad
GrW 34 Mortar Team
Grenadier Squad
Construct Panzergrenadier Kompanie
Medical Bunker
Panzergrenadier Squad
Forward Retreat Point
Construct Panzer Kompanie
Panzer IV Medium Tank
Selects Breakthrough Battlegroup
Selects Rapid Production
Selects Blitzkrieg
Panzergrenadier Squad
Panzer IV Medium Tank
Panzer IV Medium Tank
Pioneer Squad
Panzer IV Medium Tank
Blitzkrieg
Selects Tiger Heavy Tank
Tiger Heavy Tank
Selects Assault Grenadiers
Selects Smoke Bombing Run
Selects Incendiary Bombing Run
Erek
Warlockek
Happy
Beregonds
dan legend
stunta
0
0
Comments
sign in to comment!
No comments posted yet!